 Dungeon Crawl Stone Soup version 0.27-a0-1548-gf8a67e7463 (webtiles) character file.

Game seed: 13557265707827472530

1457 Snikeer the Chiller (level 8, 0/58 HPs)
             Began as a Gnoll Ice Elementalist on July 13, 2021.
             Was an Initiate of Ashenzari.
             Splashed by a jelly's acid (4 damage)
             ... on level 7 of the Dungeon.
             The game lasted 00:15:20 (8285 turns).

Snikeer the Chiller (Gnoll Ice Elementalist)        Turns: 8285, Time: 00:15:20

Health: 0/58       AC: -5    Str:  9    XL:     8   Next: 76%
Magic:  0/17       EV: 11    Int: 20    God:    Ashenzari [......]
Gold:   311        SH:  0    Dex: 12    Spells: 12/19 levels left

rFire    . . .     SeeInvis .     - Unarmed
rCold    . . .     Faith    .   (no shield)
rNeg     . . .     Spirit   +   l - +8 ring mail "Vitial" {Int+4}
rPois    .         Reflect  .   (no helmet)
rElec    .         Harm     .   h - +1 cloak
rCorr    .         Rampage  .   (no gloves)
Will     .....                  c - +1 pair of boots
Stlth    ++........             y - amulet of Ashenzari's Optimism {Spirit, Elem, Comp} (curse)
HPRegen  0.19/turn              x - ring of flight {+Fly, !d}
MPRegen  0.15/turn              (no ring)

@: corroded, flying
A: fangs 1, strong nose, distributed training
a: Renounce Religion, Shatter the Chains


You were on level 7 of the Dungeon.
You worshipped Ashenzari.
Ashenzari was noncommittal.
You visited 2 branches of the dungeon, and saw 8 of its levels.

You collected 311 gold pieces.

Inventory:

Hand Weapons
 D - the +5 falchion "Kis Wefa" {elec, *Slow +Rage rN+ Int+4}
   (You found it on level 4 of the Dungeon)

   Occasionally, upon striking a foe, it can discharge electrical energy and
   cause terrible harm.
   Int:       It affects your intelligence (+4).
   rN:        It protects you from negative energy.
   +Rage:     It lets you go berserk.
   *Slow:     It may slow you when you take damage.
Missiles
 b - 66 arrows
 d - 22 sling bullets
 j - 4 atropa-tipped darts
 m - 43 bolts
 r - 8 datura-tipped darts
 s - 148 stones (quivered)
 t - 10 boomerangs
 A - 26 poisoned darts
Armour
 c - a +1 pair of boots (worn)
   (You found it on level 1 of the Dungeon)
 h - a +1 cloak (worn)
   (You took it off Crazy Yiuf on level 5 of the Dungeon)
 l - the +8 ring mail "Vitial" (worn) {Int+4}
   (You found it on level 6 of the Dungeon)

   Int:       It affects your intelligence (+4).
Jewellery
 g - an amulet of magic regeneration
   (You found it on level 5 of the Dungeon)
 x - a ring of flight (left hand) {+Fly, !d}
   (You took it off Eustachio on level 4 of the Dungeon)
 y - the cursed amulet of Ashenzari's Optimism (around neck) {Spirit, Elem, Comp}
   (You found it on level 4 of the Dungeon)

   [amulet of guardian spirit]

   It causes incoming damage to be divided between your reserves of health and
   magic.
   It has a curse which improves the following skills: Elements: Fire Magic, Ice
   Magic, Air Magic and Earth Magic.
   Companions: Summonings and Necromancy.
Wands
 i - a wand of iceblast (10)
   (You found it on level 4 of the Dungeon)
 q - a wand of flame (42)
   (You found it on level 5 of the Dungeon)
Scrolls
 e - a scroll of torment {!r}
 K - a scroll of immolation {!r}
 O - a scroll of silence
 W - a scroll of holy word {!r}
 X - a scroll of magic mapping {@r4!r}
 Y - 2 scrolls of teleportation {@r3}
Potions
 f - a potion of might
 k - 2 potions of cancellation
 B - a potion of brilliance
 G - a potion of ambrosia {!q}
 H - a potion of haste
 J - 4 potions of curing {@q1}
 L - a potion of flight
 M - a potion of magic
 N - a potion of heal wounds {@q2}
 P - a potion of lignification {!q}
 T - a potion of berserk rage {!q}


   Skills:
 + Level 3.5 Fighting
 + Level 3.5 Short Blades
 + Level 3.5 Long Blades
 + Level 3.5 Axes
 + Level 3.5 Maces & Flails
 + Level 3.5 Polearms
 + Level 3.5 Staves
 + Level 3.5 Slings
 + Level 3.5 Bows
 + Level 3.5 Crossbows
 + Level 3.5 Throwing
 + Level 3.5 Armour
 + Level 5.8 Dodging
 + Level 5.5 Stealth
 + Level 3.5 Shields
 + Level 3.5 Unarmed Combat
 + Level 6.2 Spellcasting
 + Level 2.9 Conjurations
 + Level 2.9 Hexes
 + Level 2.9(3.3) Summonings
 + Level 2.9(3.3) Necromancy
 + Level 2.9 Translocations
 + Level 2.9 Transmutations
 + Level 2.9(3.3) Fire Magic
 + Level 7.7(8.3) Ice Magic
 + Level 2.9(3.3) Air Magic
 + Level 2.9(3.3) Earth Magic
 + Level 2.9 Poison Magic
 + Level 3.9 Invocations
 + Level 3.5 Evocations


You had 12 spell levels left.
You knew the following spells:

 Your Spells              Type           Power      Damage    Failure   Level
a - Freeze                Ice            100%       1d11      1%          1
b - Frozen Ramparts       Ice            78%        1d9       2%          3
A - Ozocubu's Armour      Ice            39%        N/A       2%          3

Your spell library contained the following spells:

 Spells                   Type           Power      Damage    Failure   Level
 Magic Dart               Conj           68%        1d6       9%          1
 Call Imp                 Summ           19%        N/A       10%         2
 Corpse Rot               Necr/Air       N/A        N/A       10%         2
 Mephitic Cloud           Conj/Pois/Air  18%        N/A       22%         3
 Hailstorm                Conj/Ice       28%        3d8       26%         4
 Dispel Undead            Necr           19%        3d11      54%         4
 Death Channel            Necr           9%         N/A       100%        6


Dungeon Overview and Level Annotations

Branches:
Dungeon (7/15)             Temple (1/1) D:4

Altars:
Ashenzari
Cheibriados
Dithmenos
Elyvilon
Fedhas
Gozag
Hepliaklqana
Kikubaaqudgha
Makhleb
Nemelex Xobeh
Okawaru
Qazlal
Ru
Sif Muna
Uskayaw
Vehumet
Xom
Zin
The Shining One

Shops:
D:3 ((?(*


Innate Abilities, Weirdness & Mutations

You have very sharp teeth.
Your uncanny sense of smell can sniff out nearby items.
Your experience applies equally to all skills.


Message History

Magic restored.
HP restored.
You see here a hound corpse.
s - 143 stones (gained 4);
A - 18 poisoned darts (gained 2)
Items here: )))) †††.
Health restored: 58; MP restored: 17 Saving game... please wait.
Welcome back, Snikeer the Gnoll Ice Elementalist.
Ashenzari says: Partake of my vision.
Partake of my curse.
Press ? for a list of commands and other information.
A - 22 poisoned darts (gained 4);
m - 43 bolts (gained 12)
Items here: ))) ††.
A - 26 poisoned darts (gained 4)
You see here a +0 club.
Done exploring.
Done exploring.
Done exploring.
Done exploring.
Done exploring.
Done exploring.
There is a stone staircase leading down, spattered with blood here.
You fly downwards.
The kobold throws a stone.
The stone misses you.
There is a stone staircase leading up, spattered with blood here.
You hit the kobold. The kobold hits you but does no damage.
You hit the kobold but do no damage. The kobold hits you but does no damage.
You hit the kobold. Your bite misses the kobold.
The kobold hits you but does no damage.
You hit the kobold.
No target in view!
No target in view!
No target in view!
No target in view!
No target in view!
No target in view!
s - 148 stones (gained 5)
You see here a +0 dagger.
W - a scroll of holy word {!r}
Found a stone staircase leading down.
There is a stone staircase leading up here.
You fly upwards.
There is a stone staircase leading down here.
Done exploring.
Done exploring.
Done exploring.
You see here a +0 club.
There is a stone staircase leading down, spattered with blood here.
You fly downwards.
There is a stone staircase leading up, spattered with blood here.
Found an escape hatch in the ceiling.
There is an escape hatch in the ceiling here.
A jelly comes into view.
Marking area around a jelly as unsafe for travelling.
A jelly is nearby!
No reachable target in view!
No reachable target in view!
No reachable target in view!
No reachable target in view!
No reachable target in view!
No reachable target in view!
The jelly quivers.
You hit the jelly but do no damage. The acid corrodes you!
Your hands burn!
The jelly misses you.
You take 1 damage, and have 57/58 hp.
You completely miss the jelly. The jelly closely misses you.
You hit the jelly but do no damage. The acid corrodes you!
Your hands burn!
The jelly hits you but does no damage.
You take 1 damage, and have 56/58 hp.
You now have 16/17 mp.
You hit the jelly but do no damage.
Your hands burn!
The jelly hits you.
You are splashed with acid!
You hit the jelly.
Your hands burn!
The jelly barely misses you.
You take 8 damage, and have 48/58 hp.
You now have 15/17 mp.
You hit the jelly but do no damage. The acid corrodes you!
Your hands burn!
The jelly completely misses you.
You take 1 damage, and have 47/58 hp.
You now have 14/17 mp.
You barely miss the jelly. The jelly hits you but does no damage.
You hit the jelly but do no damage.
Your hands burn!
The jelly hits you.
You are splashed with acid!
You take 12 damage, and have 35/58 hp.
MASSIVE DAMAGE!!
You now have 11/17 mp.
You hit the jelly but do no damage.
Your hands burn!
The jelly hits you but does no damage.
You take 1 damage, and have 34/58 hp.
You hit the jelly but do no damage.
Your hands burn!
You bite the jelly, but do no damage. The jelly hits you.
The acid corrodes you!
You are splashed with acid!
You take 10 damage, and have 24/58 hp.
You now have 9/17 mp.
You hit the jelly but do no damage. The acid corrodes you!
Your hands burn!
You bite the jelly, but do no damage. The jelly hits you.
You are splashed with acid.
You hit the jelly.
Your hands burn!
* * * LOW HITPOINT WARNING * * *
You bite the jelly, but do no damage.
You take 10 damage, and have 14/58 hp.
You now have 4/17 mp.
You hit the jelly but do no damage. The acid corrodes you!
Your hands burn!
* * * LOW HITPOINT WARNING * * *
You bite the jelly, but do no damage. The jelly hits you.
* * * LOW HITPOINT WARNING * * *
You are splashed with acid!
* * * LOW HITPOINT WARNING * * *
You hit the jelly but do no damage.
Your hands burn!
You die...

.# #.# #.########
.###.# #.#... ..#
.....###.#.####.#
)......#......#.#
....##.###)#....##
..<.+..# #.#####.#
..).######.#.....#
...........#(###.#
........#......#@#
###..##.#..#...#J#
#..<..#.## ##.#
..........>... ..#
!##.......#### ###
##.......#
#######.# .# #


You could see a jelly.

Vanquished Creatures
  Sigmund (D:5)
  Eustachio (D:4)
  A water moccasin (D:6)
  2 ogres (D:5)
  A kobold brigand (D:6)
  A scorpion (D:6)
  A water moccasin zombie (D:5)
  A wyvern skeleton (D:6)
  2 hounds
  3 orc priests
  Crazy Yiuf (D:5)
  A bullfrog skeleton (D:6)
  A gnoll shaman (D:6)
  2 jellies (D:6)
  An orc wizard (D:6)
  A centaur skeleton (D:4)
  2 iguanas
  4 hound skeletons
  A howler monkey zombie (D:6)
  3 gnolls (D:6)
  3 adders
  An ufetubus (D:6)
  3 worms
  2 dart slugs
  12 orcs
  6 ball pythons
  8 endoplasms
  2 giant cockroaches (D:2)
  9 goblins
  16 hobgoblins
  5 jackals
  11 kobolds
  3 quokkas (D:3)
  5 bats
  5 frilled lizards (D:1)
  3 rats
125 creatures vanquished.

Notes
Turn   | Place    | Note
-------+----------+-------------------------------------------
     0 | D:1      | Snikeer the Gnoll Ice Elementalist began the quest for the
                  | Orb.
     0 | D:1      | Reached XP level 1. HP: 13/13 MP: 6/6
   383 | D:1      | Reached XP level 2. HP: 10/19 MP: 5/7
  1134 | D:1      | Found a faded altar of an unknown god.
  1559 | D:1      | Reached XP level 3. HP: 25/25 MP: 6/9
  1671 | D:1      | Learned a level 3 spell: Frozen Ramparts
  1675 | D:1      | Learned a level 3 spell: Ozocubu's Armour
  1906 | D:2      | Reached skill level 5 in Spellcasting
  2021 | D:2      | Reached skill level 1 in Invocations
  2598 | D:2      | Reached skill level 1 in Fighting
  2598 | D:2      | Reached skill level 1 in Short Blades
  2598 | D:2      | Reached skill level 1 in Long Blades
  2598 | D:2      | Reached skill level 1 in Axes
  2598 | D:2      | Reached skill level 1 in Maces & Flails
  2598 | D:2      | Reached skill level 1 in Polearms
  2598 | D:2      | Reached skill level 1 in Staves
  2598 | D:2      | Reached skill level 1 in Slings
  2598 | D:2      | Reached skill level 1 in Bows
  2598 | D:2      | Reached skill level 1 in Crossbows
  2598 | D:2      | Reached skill level 1 in Throwing
  2598 | D:2      | Reached skill level 1 in Armour
  2598 | D:2      | Reached skill level 1 in Shields
  2598 | D:2      | Reached skill level 1 in Unarmed Combat
  2598 | D:2      | Reached skill level 1 in Evocations
  3020 | D:3      | Found Kiqi's Assorted Antiques.
  3097 | D:3      | Found Zofyizxi's Magic Scroll Shop.
  3108 | D:3      | Reached XP level 4. HP: 32/32 MP: 11/11
  3457 | D:3      | Found Fifeick's Antique Weapon Boutique.
  3569 | D:3      | Found Ubicyps's Weapon Shop.
  3755 | D:3      | Found Paiss's Antique Weapon Boutique.
  4057 | D:3      | Reached skill level 1 in Conjurations
  4057 | D:3      | Reached skill level 1 in Hexes
  4057 | D:3      | Reached skill level 1 in Summonings
  4057 | D:3      | Reached skill level 1 in Necromancy
  4057 | D:3      | Reached skill level 1 in Translocations
  4057 | D:3      | Reached skill level 1 in Transmutations
  4057 | D:3      | Reached skill level 1 in Fire Magic
  4057 | D:3      | Reached skill level 1 in Air Magic
  4057 | D:3      | Reached skill level 1 in Earth Magic
  4057 | D:3      | Reached skill level 1 in Poison Magic
  4261 | D:4      | Noticed Eustachio
  4311 | D:4      | Reached XP level 5. HP: 33/37 MP: 5/12
  4410 | D:4      | Found a glowing golden altar of the Shining One.
  4632 | D:4      | Killed Eustachio
  4633 | D:4      | Reached skill level 2 in Fighting
  4633 | D:4      | Reached skill level 2 in Short Blades
  4633 | D:4      | Reached skill level 2 in Long Blades
  4633 | D:4      | Reached skill level 2 in Axes
  4633 | D:4      | Reached skill level 2 in Maces & Flails
  4633 | D:4      | Reached skill level 2 in Polearms
  4633 | D:4      | Reached skill level 2 in Staves
  4633 | D:4      | Reached skill level 2 in Slings
  4633 | D:4      | Reached skill level 2 in Bows
  4633 | D:4      | Reached skill level 2 in Crossbows
  4633 | D:4      | Reached skill level 2 in Throwing
  4633 | D:4      | Reached skill level 2 in Armour
  4633 | D:4      | Reached skill level 5 in Dodging
  4633 | D:4      | Reached skill level 2 in Shields
  4633 | D:4      | Reached skill level 2 in Unarmed Combat
  4633 | D:4      | Reached skill level 2 in Invocations
  4633 | D:4      | Reached skill level 2 in Evocations
  4633 | D:4      | Reached XP level 6. HP: 26/44 MP: 5/14
  5068 | D:4      | Found a snail-covered altar of Cheibriados.
  5087 | D:4      | Identified the +1 leather armour "Gafuer" {Harm}
  5377 | D:4      | Found a staircase to the Ecumenical Temple.
  5442 | D:4      | Identified the +5 falchion "Kis Wefa" {elec, *Slow +Rage
                  | rN+ Int+4}
  5453 | Temple   | Entered the Ecumenical Temple
  5634 | Temple   | Became a worshipper of Ashenzari the Shackled
  5668 | D:5      | Entered Level 5 of the Dungeon
  5769 | D:5      | Reached XP level 7. HP: 34/50 MP: 5/15
  5928 | D:5      | Reached skill level 2 in Conjurations
  5928 | D:5      | Reached skill level 2 in Hexes
  5928 | D:5      | Reached skill level 2 in Summonings
  5928 | D:5      | Reached skill level 2 in Necromancy
  5928 | D:5      | Reached skill level 2 in Translocations
  5928 | D:5      | Reached skill level 2 in Transmutations
  5928 | D:5      | Reached skill level 2 in Fire Magic
  5928 | D:5      | Reached skill level 2 in Air Magic
  5928 | D:5      | Reached skill level 2 in Earth Magic
  5928 | D:5      | Reached skill level 2 in Poison Magic
  6085 | D:5      | Found a sacrificial altar of Ru.
  6219 | D:5      | Found a runed translucent door.
  6220 | D:5      | Noticed Crazy Yiuf
  6312 | D:5      | Noticed Sigmund
  6355 | D:5      | Killed Sigmund
  6356 | D:5      | Reached skill level 5 in Stealth
  6356 | D:5      | Reached skill level 3 in Invocations
  6559 | D:5      | Reached XP level 8. HP: 57/57 MP: 16/16
  6723 | D:5      | Killed Crazy Yiuf
  6852 | D:6      | Reached skill level 3 in Fighting
  6852 | D:6      | Reached skill level 3 in Short Blades
  6852 | D:6      | Reached skill level 3 in Long Blades
  6852 | D:6      | Reached skill level 3 in Axes
  6852 | D:6      | Reached skill level 3 in Maces & Flails
  6852 | D:6      | Reached skill level 3 in Polearms
  6852 | D:6      | Reached skill level 3 in Staves
  6852 | D:6      | Reached skill level 3 in Slings
  6852 | D:6      | Reached skill level 3 in Bows
  6852 | D:6      | Reached skill level 3 in Crossbows
  6852 | D:6      | Reached skill level 3 in Throwing
  6852 | D:6      | Reached skill level 3 in Armour
  6852 | D:6      | Reached skill level 3 in Shields
  6852 | D:6      | Reached skill level 3 in Unarmed Combat
  6852 | D:6      | Reached skill level 3 in Evocations
  7023 | D:6      | Reached skill level 6 in Spellcasting
  7493 | D:6      | Identified the +8 ring mail "Vitial" {Int+4}
  8283 | D:7      | HP: 14/58 [acid (4)]
  8284 | D:7      | HP: 4/58 [acid (5)]
  8285 | D:7      | Splashed by a jelly's acid

Illustrated notes

Levels and vault maps discovered:
D:1:      scummos_arrival_star, layout_basic,
          chequers_ecumenical_altar_simple_redux, kennysheep_crisscross
D:2:      layout_loops_cross, minmay_crystal_room, minivault_25
D:3:      cheibrodos_greedy_goblins, layout_loops_corners, serial_shops, shop,
          shop, nicolae_shop_stone, nicolae_shop_statue_plus, shop,
          minmay_misc_feat_nine_boxes
D:4:      layout_cave_pools, lemuel_crystal_altar, old_standard_altar,
          temple_pool_b, serial_column_ruins, column_ruins_circle_medium,
          column_ruins_corridor_T, column_ruins_corridor_straight,
          column_ruins_corridor_straight, column_ruins_open_medium_water,
          column_ruins_corridor_dead_end, column_ruins_open_tiny,
          chequers_serial_rivers_large_a, uniq_eustachio
D:5:      layout_gridville, mainiacjoe_overflow_cross_hatched, uniq_sigmund,
          uniq_crazy_yiuf_cottage
D:6:      layout_rooms
D:7:      layout_basic, overflow_temple_1_default,
          mainiacjoe_overflow_concentric_impassable
Temple:   eino_temple_rhombus

Skill      XL: |  1  2  3  4  5  6  7  8 |
---------------+-------------------------+-----
Spellcasting   | 5 6 |  6.2
Invocations    | 1 2 3 |  3.9
Fighting       | 1 2 3 |  3.5
Short Blades   | 1 2 3 |  3.5
Long Blades    | 1 2 3 |  3.5
Axes           | 1 2 3 |  3.5
Maces & Flails | 1 2 3 |  3.5
Polearms       | 1 2 3 |  3.5
Staves         | 1 2 3 |  3.5
Slings         | 1 2 3 |  3.5
Bows           | 1 2 3 |  3.5
Crossbows      | 1 2 3 |  3.5
Throwing       | 1 2 3 |  3.5
Armour         | 1 2 3 |  3.5
Shields        | 1 2 3 |  3.5
Unarmed Combat | 1 2 3 |  3.5
Evocations     | 1 2 3 |  3.5
Conjurations   | 1 2 |  2.9
Hexes          | 1 2 |  2.9
Summonings     | 1 2 |  2.9
Necromancy     | 1 2 |  2.9
Translocations | 1 2 |  2.9
Transmutations | 1 2 |  2.9
Fire Magic     | 1 2 |  2.9
Air Magic      | 1 2 |  2.9
Earth Magic    | 1 2 |  2.9
Poison Magic   | 1 2 |  2.9
Dodging        | 5 |  5.8
Stealth        | 5 |  5.5
Ice Magic      | |  7.7

Action                   |  1- 3 |  4- 6 |  7- 9 || total
-------------------------+-------+-------+-------++-------
Melee: Whip              |    21 |       |       ||    21
       Unarmed           |     1 |       |    50 ||    51
       Dagger            |    52 |   154 |       ||   206
       Bite              |     5 |     5 |     9 ||    19
       Punch             |       |     1 |     1 ||     2
       Falchion          |       |    10 |    73 ||    83
 Cast: Freeze            |    34 |    24 |       ||    58
       Frozen Ramparts   |     3 |     5 |     6 ||    14
       Ozocubu's Armour  |       |     7 |     8 ||    15
Invok: Curse Item        |       |       |     1 ||     1
  Use: Scroll            |       |     1 |       ||     1
 Stab: Sleeping          |     7 |     6 |     3 ||    16
Armor: Robe              |    16 |    50 |    25 ||    91
       Ring mail         |       |       |   104 ||   104
Dodge: Dodged            |    72 |   137 |   182 ||   391
       Rpst.: Falchion   |       |     1 |    15 ||    16

Table legend: (Time is in decaauts)
 A = Elapsed time spent in this place.
 B = Non-inter-level travel time spent in this place.
 C = Inter-level travel time spent in this place.
 D = Time resting spent in this place.
 E = Time spent auto-exploring this place.
 F = Levels seen in this place.
 G = Mean time per level.
                   A        B        C        D        E       F      G
               +--------+--------+--------+--------+--------+-----+--------+
         Total |   8306 |   7263 |   1043 |      0 |   6126 |   8 | 1038.2 |
       Dungeon |   8106 |   7085 |   1021 |      0 |   5953 |   7 | 1158.0 |
        Temple |    200 |    178 |     22 |      0 |    173 |   1 |  200.0 |
               +--------+--------+--------+--------+--------+-----+--------+

Top non-repeatable levels by time:
     D:1: 1867 daAuts
     D:3: 1497 daAuts
     D:4: 1297 daAuts
     D:5: 1186 daAuts
     D:2: 1109 daAuts
     D:6: 1037 daAuts
  Temple: 200 daAuts
     D:7: 109 daAuts

Table legend:
 A = Kills in this place as a percentage of kills in entire the game.
 B = Kills by you in this place as a percentage of kills by you in the entire game.
 C = Kills by friends in this place as a percentage of kills by friends in the entire game.
 D = Other kills in this place as a percentage of other kills in the entire game.
 E = Experience gained in this place as a percentage of experience gained in the entire game.
 F = Experience gained in this place divided by the number of levels of this place that you have seen.
                   A       B       C       D       E      F
               +-------+-------+-------+-------+-------+----------------------
         Total | 100.0 | 100.0 |   N/A |   N/A | 100.0 | 260.2
       Dungeon | 100.0 | 100.0 |   N/A |   N/A | 100.0 | 297.4
               +-------+-------+-------+-------+-------+----------------------
